 Dungeon Crawl Stone Soup version 0.27.0-1-g7a08968 (webtiles) character file.

Game seed: 18263351545580508121

204 tokuyamm9 the Skirmisher (level 5, -3/47 HPs)
             Began as a Hill Orc Fighter on Aug 14, 2021.
             Killed from afar by an orc wizard (7 damage)
             ... with a magic dart
             ... on level 4 of the Dungeon.
             The game lasted 00:12:48 (3309 turns).

tokuyamm9 the Skirmisher (Hill Orc Fighter)         Turns: 3309, Time: 00:12:48

Health: -3/47      AC: 10    Str: 19    XL:     5   Next: 82%
Magic:  5/5        EV:  9    Int:  8    God:
Gold:   53         SH: 14    Dex: 11    Spells: 4/4 levels left

rFire    . . .     SeeInvis .   a - +0 war axe
rCold    . . .     Faith    .   c - +0 kite shield
rNeg     . . .     Spirit   .   j - +3 leather armour
rPois    .         Reflect  +   (no helmet)
rElec    .         Harm     .   (no cloak)
rCorr    .         Rampage  .   (no gloves)
Will     .....                  (no boots)
Stlth    +.........             v - amulet of reflection
HPRegen  0.15/turn              r - +4 ring of protection
MPRegen  0.09/turn              (no ring)

@: mighty
A: no striking features
a: no special abilities


You were on level 4 of the Dungeon.
You visited 1 branch of the dungeon, and saw 4 of its levels.

You collected 53 gold pieces.

Inventory:

Hand Weapons
 a - a +0 war axe (weapon)
Missiles
 o - 7 boomerangs (quivered)
Armour
 b - a +0 scale mail
 c - a +0 kite shield (worn)
 j - a +3 leather armour (worn)
Jewellery
 r - a +4 ring of protection (left hand)
 v - an amulet of reflection (around neck)
Scrolls
 e - a scroll of fear {unknown}
 f - 2 scrolls of magic mapping {unknown}
 k - 5 scrolls of identify {unknown}
 p - a scroll of silence {unknown}
 q - 2 scrolls of teleportation {unknown}
 t - a scroll of vulnerability {unknown}
 u - a scroll of noise {unknown}
 w - a scroll of amnesia {unknown}
Potions
 d - a potion of might
 g - 3 potions of haste {unknown}
 h - 3 potions of cancellation {unknown}
 l - a potion of berserk rage {unknown}
 m - a potion of invisibility {unknown}
 n - 2 potions of heal wounds {unknown}
 s - a potion of brilliance {unknown}
 x - 2 potions of mutation {unknown}


   Skills:
 + Level 4.9 Fighting
 + Level 4.4 Axes
 + Level 4.4 Armour
 + Level 4.4 Shields


You had 4 spell levels left.
You didn't know any spells.
Your spell library contained the following spells:

 Spells                   Type           Power      Damage    Failure   Level
 Summon Small Mammal      Summ           0%         N/A       90%         1
 Call Canine Familiar     Summ           0%         N/A       99%         3
 Summon Guardian Golem    Hex/Summ       0%         N/A       99%         3


Dungeon Overview and Level Annotations

Branches:
Dungeon (4/15)
 Temple: D:4-7

Altars:
Elyvilon
Makhleb
Qazlal

Shops:
D:4 ?


Message History

* * * LOW HITPOINT WARNING * * *
You feel better.
The orc wizard hits you but does no damage.
You block the orc's attack. You block the orc priest's attack.
The orc priest threatens, "By the altar or by the axe, you will meet Beogh!"
You slash the orc priest!
You kill the orc priest!
You closely miss the orc wizard. You block the orc wizard's attack.
The orc hits you from afar with a +0 trident.
* * * LOW HITPOINT WARNING * * *
You barely miss the orc wizard.
The orc wizard is almost dead.
You block the orc wizard's attack. The orc completely misses you.
The orc wizard hits you but does no damage.
You block the orc's attack.
You hit the orc wizard but do no damage.
The orc wizard is almost dead.
The orc wizard hits you but does no damage.
You block the orc's attack.
You completely miss the orc wizard.
The orc wizard is almost dead.
You block the orc wizard's attack. You block the orc's attack.
The orc closely misses you.
The orc wizard casts a spell.
The orc wizard flickers and vanishes!
Deactivating autopickup; reactivate with Ctrl-A.
A kobold comes into view. It is wielding a +0 dagger.
You closely miss something. You block the orc's attack.
You barely miss something. You block something's attack.
The orc hits you but does no damage. You block the orc's attack.
Something hits you but does no damage.
You closely miss something. Something hits you.
* * * LOW HITPOINT WARNING * * *
The orc closely misses you.
You miss something. You block the orc's attack.
Something hits you but does no damage. The orc completely misses you.
You hear some strange, mumbled words.
A magic dart appears from out of thin air!
The magic dart hits you!
You die...

##.....#### .........#
#......... ........##
#...####..
#........###..## ###
...# .........##..## #
.... .............## #.
..... .o...........####.
..... #........##.......
.....##@{..##....##....#
##..#.....###.........#
#.....K..## ##........#
#+###'#..# #...###...
#.....#.## ##.## ###.
#.≈≈≈.#.# ###...## .
#.....#.####⌠.⌠...# .
+.._..'......∩.##..#
#.....#....#⌠.⌠# #...#


You could see an orc and a kobold.

Vanquished Creatures
  The ghost of Estrea the Skirmisher, a weakling MiFi (D:3)
  An orc priest (D:4)
  Natasha (twice) (D:2)
  An adder (D:3)
  A worm (D:2)
  A dart slug (D:3)
  6 ball pythons
  9 bats
  5 endoplasms
  7 giant cockroaches
  8 goblins
  4 hobgoblins (D:2)
  2 jackals (D:1)
  3 kobolds (D:1)
  3 quokkas
  A frilled lizard (D:2)
  7 rats
62 creatures vanquished.

Vanquished Creatures (others)
  4 plants
4 creatures vanquished.

Grand Total: 66 creatures vanquished

Notes
Turn   | Place    | Note
-------+----------+-------------------------------------------
     0 | D:1      | tokuyamm9 the Hill Orc Fighter began the quest for the Orb.
     0 | D:1      | Reached XP level 1. HP: 19/19 MP: 1/1
   240 | D:1      | Reached XP level 2. HP: 27/27 MP: 2/2
   339 | D:1      | Found a faded altar of an unknown god.
   791 | D:2      | Reached XP level 3. HP: 32/33 MP: 3/3
  1720 | D:2      | Noticed Natasha
  1727 | D:2      | Killed Natasha
  1728 | D:2      | Reached XP level 4. HP: 41/41 MP: 4/4
  1802 | D:2      | Noticed Natasha
  1845 | D:2      | Killed Natasha
  2300 | D:3      | Found a runed translucent door.
  2300 | D:3      | Noticed Estrea's ghost (weakling MiFi)
  2371 | D:3      | Reached XP level 5. HP: 45/47 MP: 5/5
  2500 | D:3      | Found a stormy altar of Qazlal.
  2503 | D:3      | Found a white marble altar of Elyvilon.
  2980 | D:3      | Killed Estrea's ghost
  3261 | D:4      | Found Himupp's Magic Scroll Boutique.
  3277 | D:4      | Found a burning altar of Makhleb.
  3309 | D:4      | Killed from afar by an orc wizard

Illustrated notes

Levels and vault maps discovered:
D:1:      giann_wishing_wells, layout_rooms,
          hellmonk_ecumenical_altar_crossroads, corexii_leaking_fountain
D:2:      layout_rooms, serial_bayou_ford_a, uniq_natasha
D:3:      cheibrodos_old_hovel, layout_loops_ring,
          mainiacjoe_overflow_catwalk_spiral, hellmonk_ghost_happy_afterlife
D:4:      layout_layer_cave, mainiacjoe_overflow_six_doors_small,
          gup_sewer_entry_bowl, serial_shops, shop_fountains, uniq_robin

Skill      XL: |  1  2  3  4 |
---------------+-------------+-----
Axes           | 3 4 |  4.4
Fighting       | 4 |  4.9
Armour         | 4 |  4.4
Shields        | 4 |  4.4

Action                   |  1- 3 |  4- 6 || total
-------------------------+-------+-------++-------
Melee: War axe           |   131 |    73 ||   204
  Use: Potion            |       |     3 ||     3
Armor: Scale mail        |    24 |       ||    24
       Leather armour    |    48 |    43 ||    91
Dodge: Dodged            |    50 |    27 ||    77
Block: Kite shield       |    84 |    54 ||   138
